 Dungeon Crawl Stone Soup version 0.27-a0-417-g317cea8a3c (webtiles) character file.

Game seed: 587559088137789432

2543 dickylongcocking the Frost Mage (level 9, -4/57 HPs)
             Began as a Vampire Ice Elementalist on Feb 26, 2021.
             Was a Believer of Kikubaaqudgha.
             Slain by an ice beast (5 damage)
             ... on level 6 of the Dungeon.
             The game lasted 00:07:49 (6219 turns).

dickylongcocking the Frost Mage (VpIE)              Turns: 6219, Time: 00:07:50

Health: -4/57      AC:  5    Str:  7    XL:     9   Next: 30%
Magic:  20/20      EV: 18    Int: 23    God:    Kikubaaqudgha [**....]
Gold:   353        SH:  5    Dex: 21    Spells: 15/22 levels left

rFire    . . .     SeeInvis +   l - +2 long sword (freeze)
rCold    . . .     Faith    .   (no shield)
rNeg     . . .     Spirit   .   a - +0 robe
rPois    .         Reflect  +   q - +2 helmet {Int+3}
rElec    .         Harm     .   (no cloak)
rCorr    .         Rampage  .   (no gloves)
Will     .....                  (no boots)
Stlth    +++.......             f - amulet of reflection
HPRegen  0.39/turn              o - +6 ring of dexterity
MPRegen  0.17/turn              p - +4 ring of evasion

@: regenerating quickly
A: fangs 3, see invisible, unbreathing
a: Exsanguinate, Renounce Religion, Receive Corpses


You were on level 6 of the Dungeon.
You worshipped Kikubaaqudgha.
Kikubaaqudgha was pleased with you.
You visited 2 branches of the dungeon, and saw 7 of its levels.
You also visited: Ossuary.

You collected 353 gold pieces.

Inventory:

Hand Weapons
 e - a +0 spear
 g - a +2 whip of electrocution
 h - a +0 lajatang
 l - a +2 long sword of freezing (weapon)
 A - a +3 great sword
Armour
 a - a +0 robe (worn)
 q - a +2 helmet of intelligence (worn)
Jewellery
 f - an amulet of reflection (around neck)
 o - a +6 ring of dexterity (left hand)
 p - a +4 ring of evasion (right hand)
Wands
 b - a wand of iceblast (7)
 k - a wand of digging (5)
Scrolls
 c - a scroll of blinking {unknown}
 d - a scroll of fog {unknown}
 i - a scroll of immolation
 r - a scroll of noise {unknown}
 s - 4 scrolls of identify
 u - 2 scrolls of magic mapping {unknown}
 w - a scroll of silence {unknown}
 y - a scroll of teleportation {unknown}
Potions
 j - a potion of lignification
 m - a potion of might
 n - a potion of ambrosia
 t - a potion of haste
 B - a potion of berserk rage {unknown}


   Skills:
 - Level 0.2 Fighting
 * Level 4.0 Long Blades
 - Level 3.3 Maces & Flails
 - Level 2.7 Dodging
 - Level 3.2 Stealth
 * Level 7.3 Spellcasting
 * Level 2.9 Necromancy
 - Level 8.2 Ice Magic


You had 15 spell levels left.
You knew the following spells:

 Your Spells              Type           Power        Failure   Level
a - Freeze                Ice            100%         1%          1
b - Pain                  Necr           88%          2%          1
c - Corpse Rot            Necr/Air       N/A          6%          2
f - Frozen Ramparts       Ice            92%          1%          3

Your spell library contained the following spells:

 Spells                   Type           Power        Failure   Level
 Ozocubu's Armour         Ice            46%          1%          3
 Sublimation of Blood     Necr           11%          3%          2
 Vampiric Draining        Necr           11%          7%          3
 Hailstorm                Conj/Ice       27%          14%         4
 Summon Ice Beast         Ice/Summ       27%          14%         4


Dungeon Overview and Level Annotations

Branches:
Dungeon (6/15)             Temple (1/1) D:4         Ossuary (visited)

Altars:
Ashenzari
Cheibriados
Dithmenos
Elyvilon
Fedhas
Gozag
Kikubaaqudgha
Okawaru
Sif Muna
Trog
Uskayaw
Wu Jian
Xom
Yredelemnul
Zin
The Shining One


Innate Abilities, Weirdness & Mutations

Your natural rate of healing is unusually fast.
You have razor-sharp teeth.
You have supernaturally acute eyesight. (SInv)
You can survive without breathing.


Message History

Casting: Frozen Ramparts (safe; 1% risk of failure)
Press: ? - help, Dir - look around, f - activate The walls around you are covered in ice.
The wall freezes the orc priest.
You kill the orc priest!
Kikubaaqudgha accepts your kill.
The ice beast completely resists.
The wall freezes the ice beast but does no damage.
The ice beast hits you but does no damage.
The wall freezes the orc priest!
The orc priest miscasts a cantrip.
Your Long Blades skill increases to level 4!
Unknown command.
Unknown command.
Unknown command.
Magic courses through your body.
The wall freezes the orc priest.
You block the orc priest's attack.
Unknown command.
It was a potion of flight.
Your roots keep you in place.
The ice beast completely resists.
The wall freezes the ice beast but does no damage.
The ice beast hits you but does no damage.
The wall freezes the orc priest.
You kill the orc priest!
Kikubaaqudgha accepts your kill.
It was a potion of cancellation.
Your magical effects are unravelling.
You feel magically purged.
You feel less wooden.
Your +2 helmet of intelligence unmelds from your body.
Your +0 robe unmelds from your body.
You feel clever.
You feel yourself slow down.
The frozen ramparts melt away.
The orc priest invokes the aid of Beogh against you.
You resist with significant effort. The ice beast hits you.
* * * LOW HITPOINT WARNING * * *
The ice beast freezes you.
You die...
Kikubaaqudgha rasps: "You have failed me!
Welcome... death!"

.##.# ..<. .##.# ...
.##.# ... .##.# ....
.##.############# .....
.##.............# #.....
.##############.##).....
...# #.#o).(... ##.#
#.@Y...... # .#
###)...... # # ...$#.. #
##.## # ## . ..


You could see an ice beast and an orc priest.

Vanquished Creatures
  Sigmund (D:2)
  2 orc warriors (D:6)
  A sky beast (D:5)
  3 ice beasts (D:5)
  An ogre (D:4)
  3 centaurs
  A phantom (D:4)
  Blork the orc (D:4)
  2 bullfrogs (D:6)
  A scorpion (D:3)
  7 wights
  2 howler monkeys
  A hound (D:6)
  4 orc priests
  2 jellies
  A centaur skeleton (D:4)
  An iguana (D:5)
  7 orc wizards
  A worker ant (D:5)
  A mummy (Ossuary)
  A worker ant zombie (D:6)
  Robin (D:3)
  4 gnolls (D:2)
  5 adders
  4 river rats (D:5)
  A shadow imp (D:6)
  An ooze (D:1)
  A worm (D:3)
  4 dart slugs
  5 leopard geckos
  25 orcs
  5 spectral bats (Ossuary)
  8 giant cockroaches
  15 goblins
  7 hobgoblins (D:3)
  5 jackals
  7 kobolds
  4 quokkas
  2 ball pythons
  9 bats
  4 bat simulacra (Ossuary)
  7 frilled lizards
  12 gnoll zombies (Ossuary)
  A goblin simulacrum (Ossuary)
  3 goblin zombies (Ossuary)
  4 hobgoblin zombies (Ossuary)
  A jackal zombie (D:6)
  3 kobold simulacra (Ossuary)
  3 kobold zombies (Ossuary)
  8 orc zombies (Ossuary)
  A quokka skeleton (D:5)
  10 rats
  2 rat simulacra (Ossuary)
  A spectral goblin (Ossuary)
  4 spectral kobolds (Ossuary)
  2 spectral rats (Ossuary)
223 creatures vanquished.

Vanquished Creatures (others)
  33 plants
33 creatures vanquished.

Grand Total: 256 creatures vanquished

Notes
Turn   | Place    | Note
-------+----------+-------------------------------------------
     0 | D:1      | dickylongcocking the Vampire Ice Elementalist began the
                  | quest for the Orb.
     0 | D:1      | Reached XP level 1. HP: 13/13 MP: 3/3
   165 | D:1      | Reached XP level 2. HP: 19/19 MP: 3/5
   747 | D:1      | Reached XP level 3. HP: 24/24 MP: 4/6
  1101 | D:1      | Learned a level 3 spell: Frozen Ramparts
  1129 | D:2      | Reached XP level 4. HP: 30/30 MP: 2/8
  1442 | D:2      | Found a faded altar of an unknown god.
  1633 | D:2      | Noticed Sigmund
  1636 | D:2      | Killed Sigmund
  1637 | D:2      | Reached skill level 5 in Ice Magic
  1637 | D:2      | Reached XP level 5. HP: 35/35 MP: 8/10
  2031 | D:3      | Found an ornate altar of the Wu Jian Council.
  2098 | D:3      | Reached XP level 6. HP: 37/41 MP: 11/11
  2630 | D:3      | Noticed Robin
  2654 | D:3      | Killed Robin
  2926 | D:4      | Found a sand-covered staircase.
  2936 | Ossuary  | Entered an ossuary
  3207 | Ossuary  | Reached XP level 7. HP: 46/46 MP: 13/13
  3575 | D:4      | Found a staircase to the Ecumenical Temple.
  3602 | Temple   | Entered the Ecumenical Temple
  3643 | Temple   | Became a worshipper of Kikubaaqudgha
  3737 | D:4      | Reached skill level 6 in Ice Magic
  4368 | D:4      | Noticed Blork the orc
  4384 | D:4      | Killed Blork the orc
  4455 | D:4      | Reached skill level 5 in Spellcasting
  4585 | D:5      | Entered Level 5 of the Dungeon
  4675 | D:5      | Reached skill level 7 in Ice Magic
  4675 | D:5      | Reached XP level 8. HP: 35/52 MP: 12/16
  4684 | D:5      | Reached * piety under Kikubaaqudgha
  4684 | D:5      | Identified Kikubaaqudgha's Guide on Darkness (Kikubaaqudgha
                  | gifted it to you on level 5 of the Dungeon)
  4684 | D:5      | Received a gift from Kikubaaqudgha
  4889 | D:5      | Found an iron altar of Okawaru.
  5127 | D:5      | Reached skill level 8 in Ice Magic
  5199 | D:5      | Reached skill level 1 in Long Blades
  5414 | D:5      | Learned a level 1 spell: Pain
  5534 | D:5      | Learned a level 2 spell: Corpse Rot
  5755 | D:5      | Found a broken altar of Ashenzari.
  5763 | D:5      | Found a basalt altar of Yredelemnul.
  5859 | D:6      | Reached skill level 1 in Necromancy
  5859 | D:6      | Reached XP level 9. HP: 51/57 MP: 19/19
  6145 | D:6      | Reached ** piety under Kikubaaqudgha
  6213 | D:6      | HP: 1/85 [orc priest/divine providence (11)]
  6219 | D:6      | HP: 1/57 [ice beast (1)]
  6219 | D:6      | Slain by an ice beast

Illustrated notes

Levels and vault maps discovered:
D:1:      amcnicky_arrival_gap_in_the_tavern_cellar, layout_loops_ring,
          st_stairs_5, minmay_misc_feat_diagonals
D:2:      layout_loops_ring, chequers_ecumenical_altar_island, glass_columns_a,
          kennysheep_path_1, uniq_sigmund
D:3:      layout_rooms, nzn_wu_jian_council_hall, roderic_cross_of_infinity,
          serial_bayou_pond_c, uniq_robin
D:4:      layout_loops_cross, minmay_temple_entry_glass,
          nicolae_ossuary_entry_plus, nrook_mini_vaults, hangedman_decor_points,
          uniq_blork_the_orc
D:5:      wad_woods_stonehenge, layout_cave_pools, minitemple,
          serial_column_ruins, column_ruins_hut, column_ruins_corridor_straight,
          column_ruins_columns_T, column_ruins_open_medium,
          column_ruins_columns_corner, column_ruins_open_small,
          column_ruins_grid_1
D:6:      layout_loops_ring, ebering_ghost_disaster_area, uniq_grinder
Temple:   cyrus_circular_temple

Skill      XL: |  1  2  3  4  5  6  7  8  9 |
---------------+----------------------------+-----
Spellcasting   | 3 4 5 6 7 |  7.3
Maces & Flails | 2 3 |  3.3
Ice Magic      | 5 7 8 |  8.2
Long Blades    | 3 4 |  4.0
Necromancy     | 1 2 |  2.9
Fighting       | |  0.2
Dodging        | |  2.7
Stealth        | |  3.2

Action                   |  1- 3 |  4- 6 |  7- 9 || total
-------------------------+-------+-------+-------++-------
Melee: Unarmed           |    32 |       |       ||    32
       Bite              |     4 |    25 |    27 ||    56
       Spear             |    19 |     4 |       ||    23
       Whip              |       |   274 |   268 ||   542
       Long sword        |       |       |     7 ||     7
 Cast: Freeze            |    44 |     4 |     1 ||    49
       Frozen Ramparts   |     1 |     1 |    11 ||    13
Evoke: Wand              |       |       |     4 ||     4
  Use: Potion            |     1 |     1 |     9 ||    11
       Scroll            |       |     7 |       ||     7
 Stab: Sleeping          |     1 |    11 |     7 ||    19
       Distracted        |       |     2 |       ||     2
       Betrayed ally     |       |       |     1 ||     1
Armor: Robe              |    20 |    22 |    27 ||    69
       Skin              |       |     7 |    23 ||    30
Dodge: Dodged            |    60 |   205 |   192 ||   457
Block: Other             |       |    75 |    61 ||   136
       Reflection        |       |     1 |     2 ||     3
       Rpst.: Long sword |       |       |     5 ||     5

Table legend: (Time is in decaauts)
 A = Elapsed time spent in this place.
 B = Non-inter-level travel time spent in this place.
 C = Inter-level travel time spent in this place.
 D = Time resting spent in this place.
 E = Time spent auto-exploring this place.
 F = Levels seen in this place.
 G = Mean time per level.
                   A        B        C        D        E       F      G
               +--------+--------+--------+--------+--------+-----+--------+
         Total |   6211 |   6107 |    104 |    905 |   3720 |   8 |  776.4 |
       Dungeon |   5588 |   5496 |     92 |    785 |   3457 |   6 |  931.3 |
        Temple |     54 |     42 |     12 |      0 |     34 |   1 |   54.0 |
       Ossuary |    568 |    568 |      0 |    120 |    229 |   1 |  568.0 |
               +--------+--------+--------+--------+--------+-----+--------+

Top non-repeatable levels by time:
     D:5: 1242 daAuts
     D:4: 1138 daAuts
     D:1: 1054 daAuts
     D:2: 964 daAuts
     D:3: 809 daAuts
 Ossuary: 568 daAuts
     D:6: 379 daAuts
  Temple: 54 daAuts
